AoeStats
← El Fantasma de Pancho Villa

Pilgrims

509968929Analyzed
4v4 RM · 2d ago on Sep 28, 2026· 22m 49s· 8 players
Game mode
Random Map
Map size
Large (8 player)
Population
200
Speed
Normal
Resources
Standard
Victory
Conquest
Starting age
Dark Age
Ending age
Imperial Age
RankedLock teamsTeams togetherTeam positionsShared explorationLock speedFull tech treeHidden civsTurbo modeCheats
Victory
Defeat
🇺🇸 Spanish · United States
1185
+15
🇵🇰 Persians · Pakistan
1166
+16
🇨🇳 Franks · China
1161
+16
🇺🇸 Cumans · United States
1136
+17
🇸🇪 Saracens · Sweden
1183
-17
🇨🇱 Vietnamese · Chile
1176
-16
🇧🇷 Maya · Brazil
1159
-16
🇸🇪 Koreans · Sweden
1141
-15
CABRA_MACHO
7:39 Loom
11:31 Feudal Age
15:56 Fletching
20:24 Castle Age
20:34 Crossbowman
Capitan.Salinas
11:21 Feudal Age
10:51 Loom
13:45 Double-Bit Axe
16:37 Castle Age
14:55 Gold Mining
17:35 Fletching
19:39 Wheelbarrow
19:43 Bodkin Arrow
Hans Solo
13:59 Feudal Age
scarabe
10:19 Feudal Age
10:03 Loom
10:58 Double-Bit Axe
17:36 Castle Age
17:12 Fletching
22:49 Bow Saw
El Fantasma de Pancho Villa
6:30 Loom
14:09 Feudal Age
14:56 Man-at-Arms
16:25 Scale Mail Armor
21:46 Wheelbarrow
21:25 Forging
21:06 Double-Bit Axe
默默发育
11:35 Feudal Age
11:48 Loom
15:47 Castle Age
14:00 Double-Bit Axe
17:27 Bow Saw
19:17 Husbandry
19:25 Loom
RoronoaZoro3785
4:30 Loom
10:57 Feudal Age
14:30 Castle Age
12:52 Fletching
13:47 Double-Bit Axe
15:56 Medium Warships
21:42 Horse Collar
SHK9682
10:13 Loom
12:33 Feudal Age
13:11 Double-Bit Axe
13:46 Fletching
20:14 Castle Age
20:40 Bodkin Arrow
20:58 Medium Warships
23:10 Bow Saw
Connection lost

Rejoining the realm…

Still unreachable

The connection could not be restored.

Session expired

The server has moved on; the page needs a fresh start.